AoeStats
← Keywar

Black Forest

509145970Analyzed
2v2 RM · 6d ago on Sep 25, 2026· 45m 43s· 4 players
Game mode
Random Map
Map size
Medium (4 player)
Population
200
Speed
Normal
Resources
Standard
Victory
Conquest
Starting age
Dark Age
Ending age
Imperial Age
RankedLock teamsTeams togetherTeam positionsShared explorationLock speedFull tech treeHidden civsTurbo modeCheats
Victory
Defeat
🇹🇷 Cumans · Türkiye
1040
+15
🇺🇸 Khmer · United States
992
+17
🇪🇸 Franks · Spain
1047
-17
🇪🇸 Vietnamese · Spain
987
-15
BLUERACOON
3:08 Loom
10:26 Feudal Age
11:16 Double-Bit Axe
11:15 Horse Collar
11:26 Town Watch
18:38 Castle Age
18:11 Arson
21:34 Pikeman
23:53 Bow Saw
24:15 Heavy Plow
25:30 Wheelbarrow
28:24 Forging
28:14 Scale Mail Armor
31:40 Gold Mining
31:44 Stone Mining
34:50 Imperial Age
32:37 Hand Cart
35:32 Halberdier
36:30 Chain Mail Armor
36:51 Iron Casting
36:41 Conscription
36:56 Double Crossbow
37:19 Capped Ram
43:58 Ballistics
43:44 Siege Engineers
43:37 Murder Holes
birol.ogluoglu
8:52 Loom
11:53 Feudal Age
12:35 Double-Bit Axe
16:40 Horse Collar
18:18 Gold Mining
19:36 Wheelbarrow
22:44 Castle Age
20:44 Stone Mining
23:57 Bow Saw
24:37 Heavy Plow
29:45 Imperial Age
27:32 Hand Cart
29:20 Scale Barding Armor
29:26 Forging
32:12 Two-Man Saw
32:57 Two-Man Saw
32:54 Iron Casting
32:41 Chain Barding Armor
35:55 Blast Furnace
35:42 Plate Barding Armor
35:58 Elite Steppe Lancer
39:01 Crop Rotation
38:06 Pikeman
40:23 Halberdier
40:57 Onager
Keywar
9:51 Loom
12:43 Feudal Age
16:49 Castle Age
16:34 Double-Bit Axe
16:42 Gold Mining
18:37 Bow Saw
18:20 Stone Mining
18:12 Horse Collar
19:53 Wheelbarrow
24:47 Fletching
25:28 Heavy Plow
28:10 Stone Shaft Mining
28:01 Hand Cart
32:27 Imperial Age
29:35 Crossbowman
31:49 Thumb Ring
32:10 Bodkin Arrow
32:16 Padded Archer Armor
32:48 Arbalester
34:25 Paper Money
34:15 Bracer
34:31 Leather Archer Armor
35:33 Caravan
36:34 Ring Archer Armor
38:51 Chemistry
39:15 Ballistics
juanjinpoker
5:09 Loom
12:20 Feudal Age
13:11 Double-Bit Axe
14:54 Wheelbarrow
17:17 Castle Age
24:27 Hand Cart
25:52 Scale Barding Armor
26:00 Forging
29:59 Imperial Age
28:38 Husbandry
30:19 Chain Barding Armor
31:12 Iron Casting
30:56 Caravan
31:57 Conscription
32:14 Cavalier
34:02 Plate Barding Armor
33:51 Paladin
34:38 Gold Mining
37:22 Blast Furnace
38:43 Town Watch
40:00 Squires
Connection lost

Rejoining the realm…

Still unreachable

The connection could not be restored.

Session expired

The server has moved on; the page needs a fresh start.